 Dungeon Crawl Stone Soup version 0.18-a0-1577-gf591c28 (webtiles) character file.

86415 M4edhros the Prestidigitator (level 15, -5/105 HPs)
             Began as an Octopode Chaos Knight on Mar 16, 2016.
             Was an Initiate of Gozag.
             Slain by a very large slime creature (52 damage)
             ... on level 12 of the Dungeon on Mar 17, 2016.
             The game lasted 01:34:40 (57032 turns).

M4edhros the Prestidigitator (OpCK)                Turns: 57032, Time: 01:34:41

Health: -5/105     AC: 12    Str: 12    XL:     15   Next: 87%
Magic:  24/24      EV: 25    Int: 16    God:    Gozag
Gold:   161        SH: 14    Dex: 20    Spells: 1 memorised, 12 levels left

rFire  + + .     SeeInvis +     b - +1 trident (protect)
rCold  x . .     Gourm    .     v - +2 shield
rNeg   + + .     Faith    .     (helmet restricted)
rPois  +         Spirit   .     D - amulet of regeneration (curse)
rElec  .         Dismiss  .     y - ring of stealth
rCorr  .         Reflect  .     i - ring of fire
SustAt .         Harm     .     T - ring of positive energy
MR     +++..                    p - ring of protection from magic
Stlth  ++++......               g - +4 ring of evasion
                                A - ring of positive energy
                                B - ring of protection from magic
                                q - ring of protection from fire

@: extremely resistant to hostile enchantments, stealthy
A: almost no armour, amphibious, 8 rings, constrict 8, antennae 2, iridescent
scales 1, thin metallic scales 1, camouflage 1, see invisible, agile 1, clever
1, mutation resistance 1, sense surroundings 1, poison resistance, gelatinous
body 1
a: Potion Petition, Call Merchant, Bribe Branch, Renounce Religion


You were on level 12 of the Dungeon.
You worshipped Gozag.
Gozag was noncommittal.
You were not hungry.

You visited 4 branches of the dungeon, and saw 23 of its levels.

You collected 7565 gold pieces.
You spent 816 gold pieces at shops.
You paid 6588 gold pieces to Gozag.

Inventory:

Hand Weapons
 a - a +3 hunting sling of freezing
 b - a +1 trident of protection (weapon)
 w - a +0 spear of chaos
 S - a +4 blowgun
Missiles
 e - 7 poisoned javelins (quivered)
 j - 530 stones
 z - 84 sling bullets
 P - 4 curare-tipped needles
 U - 5 steel tomahawks
 Y - 4 javelins
Armour
 v - a +2 shield (worn)
Rods
 u - a +4 rod of shadows (11/11)
   (You found it on level 8 of the Lair of Beasts)
 M - a +4 rod of clouds (12/12)
   (Xom gifted it to you in the Ecumenical Temple)
Jewellery
 g - a +4 ring of evasion (on tentacle)
 i - a ring of fire (right tentacle)
 p - a ring of protection from magic (on tentacle)
 q - a ring of protection from fire (on tentacle)
 y - a ring of stealth (left tentacle)
 A - a ring of positive energy (on tentacle)
 B - a ring of protection from magic (on tentacle)
 D - a cursed amulet of regeneration (around mantle)
 G - an uncursed ring of ice
 T - a ring of positive energy (on tentacle)
 W - a +2 ring of intelligence
Wands
 x - a wand of digging (15/24)
 F - a wand of digging (11/24)
 N - a wand of paralysis (9/24)
 Q - a wand of lightning (1/15)
 X - a wand of enslavement (16/24)
Scrolls
 c - 4 scrolls of recharging
 d - 2 scrolls of remove curse
 k - 4 scrolls of magic mapping
 m - 3 scrolls of fog
 o - 2 scrolls of teleportation
 r - a scroll of fear
 L - a scroll of blinking
Potions
 f - a potion of cure mutation
 h - a potion of haste
 l - a potion of agility
 n - a potion of ambrosia
 C - a potion of magic
 K - a potion of lignification
 Z - 3 potions of invisibility
Miscellaneous
 J - a sack of spiders {used: 2}
Comestibles
 E - 4 meat rations
 V - 28 fruits


   Skills:
 - Level 10.8 Fighting
 - Level 12.1 Polearms
 - Level 12.2 Slings
 - Level 10.5 Dodging
 * Level 12.2 Shields
 - Level 12.8 Evocations


You had 12 spell levels left.
You knew the following spells:

 Your Spells              Type           Power        Failure   Level  Hunger
a - Shroud of Golubria    Chrm/Tloc      #.........   56%         2    ###....


Dungeon Overview and Level Annotations

Branches:
Dungeon (12/15)            Temple (1/1) D:4            Lair (8/8) D:10
 Shoals (0/4) Lair:6        Snake (0/4) Lair:5        Slime (0/6) Lair:8
    Orc (2/2) D:11            Elf (0/3) Orc:2

Altars:
Ashenzari
Cheibriados
Dithmenos
Elyvilon
Fedhas
Gozag
Kikubaaqudgha
Makhleb
Nemelex Xobeh
Pakellas
Qazlal
Ru
Sif Muna
Trog
Vehumet
Xom
Yredelemnul
Zin
The Shining One
Beogh
Jiyva

Shops:
D:4 [   D:11 *   Temple [   Orc:2 [==*:   Lair:3 (   Lair:5 [   Lair:7 =

Annotations:
D:8 exclusion: obsidian statue
Lair:1 exclusion: hydra
Lair:3 exclusion: hydra
Orc:1 poirepourri's ghost, journeyman GrFi


Innate Abilities, Weirdness & Mutations

You cannot wear most types of armour.
You are amphibious.
You can wear up to eight rings at the same time.
You can use your tentacles to constrict eight enemies at once.
Your skin changes colour to match your surroundings (Stealth).
Your rubbery body absorbs attacks (AC +1).
You have a pair of antennae on your head.
You are partially covered in iridescent scales (AC +4).
You are partially covered in thin metallic scales (AC +2).
You have supernaturally acute eyesight.
You are agile. (Dex +2)
Your mind is acute. (Int +2)
You are somewhat resistant to further mutation.
You passively map a small area around you.
Your system is resistant to poisons.


Message History

The very large slime creature misses you.
You hit the very large slime creature.
You squeeze the very large slime creature, but do no damage.
The very large slime creature is heavily wounded.
The very large slime creature hits you!!
You puncture the very large slime creature!
The very large slime creature is heavily wounded.
You block the very large slime creature's attack.
You puncture the very large slime creature!
You squeeze the very large slime creature, but do no damage.
The very large slime creature is heavily wounded.
You hit the very large slime creature.
You squeeze the very large slime creature.
The very large slime creature is heavily wounded.
The very large slime creature hits you!!
You puncture the very large slime creature!
The very large slime creature is heavily wounded.
The very large slime creature hits you!!!
You die...
Your body crumbles into a pile of gold.

....# ###.#.....#
######.#### ....#
####+#### ##.# #
##'## #..# ...# ,*
#.## #### * #..#
#### * #.## ...#
##+### ####.##
...#
#....######.......
...+
#....@J...........
### ...#* ,
#....######....J.J
#.. ...# * ,+....#
..........# ...#
*#....# .......###
+### ##'###
###.### #.## ..#
#..# * .# ##.#
####'##### #.#
#.........*


You could see a very large slime creature.

Vanquished Creatures
  Maud (Lair:8)
  A stone giant (Orc:2)
  Fannar (Lair:3)
  6 hydras
  3 catoblepae (Lair:8)
  11 death yaks (Lair:8)
  5 orc high priests (Orc:2)
  Sonja (Lair:4)
  A fire crab (Lair:2)
  2 hill giants (D:12)
  A guardian serpent (D:9)
  A lindwurm (Lair:8)
  3 orc knights (Orc:2)
  8 orc sorcerers (Orc:2)
  A cyclops (Orc:2)
  A griffon (Lair:7)
  An oklob plant (Lair:7)
  23 elephants
  A centaur zombie (D:11)
  15 black mambas
  A water nymph (D:11)
  14 spiny frogs
  Joseph (Lair:1)
  5 rime drakes
  5 komodo dragons
  6 trolls
  3 polar bears
  A merfolk (Lair:6)
  8 two-headed ogres (Orc:2)
  Grinder (D:3)
  A slime creature (D:12)
  Prince Ribbit (D:7)
  28 blink frogs
  A spriggan (D:7)
  A wraith (D:10)
  A wyvern (Lair:6)
  47 yaks
  A hog (Lair:1)
  A basilisk (Lair:6)
  9 hippogriffs
  A steam dragon (D:7)
  A hungry ghost (D:11)
  3 wargs
  Menkaure (D:7)
  4 nagas (Lair:5)
  26 water moccasins
  14 porcupines
  40 orc warriors
  A wasp (D:12)
  2 ice beasts
  3 black bears
  14 ogres
  2 phantoms
  16 wolves
  3 necrophages
  5 centaurs
  10 crocodiles
  A big kobold (D:9)
  18 giant frogs
  3 scorpions
  A water moccasin skeleton (D:10)
  16 killer bees
  4 wights (D:6)
  An electric eel (Lair:1)
  5 howler monkeys
  5 crimson imps
  A giant frog zombie (D:10)
  A quasit (D:7)
  Crazy Yiuf (D:6)
  3 jellies
  2 giant frog skeletons
  29 orc priests
  6 hounds
  10 iguanas
  9 worker ants
  20 orc wizards
  A killer bee zombie (D:9)
  15 sheep
  The ghost of namnharef the Ruffian, a weakling FoMo (D:3)
  A hound skeleton (D:10)
  7 gnolls
  64 river rats
  6 adders
  2 shadow imps
  2 oozes
  2 adder skeletons
  2 worms
  3 dart slugs
  A giant gecko (D:4)
  90 orcs
  12 bats
  5 giant cockroaches
  18 goblins
  4 hobgoblins
  A hobgoblin (shapeshifter) (D:12)
  2 jackals (D:1)
  3 quokkas
  5 giant newts
  A jackal skeleton (D:4)
  8 kobolds
  2 quokka skeletons
  6 rats
  5 plants
774 creatures vanquished.

Vanquished Creatures (collateral kills)
  An orc warlord (Orc:2)
  The ghost of Conn321 the Sneak, a novice OpWz of Sif Muna (D:9)
  An elephant (Lair:8)
  A spiny frog (Lair:1)
  A two-headed ogre (D:10)
  A hungry ghost (D:8)
  A killer bee (D:8)
  A gnoll (D:3)
8 creatures vanquished.

Vanquished Creatures (others)
  An elephant (Lair:8)
  A spiny frog (Lair:1)
  11 fungi
  16 plants
29 creatures vanquished.

Grand Total: 811 creatures vanquished

Notes
Turn   | Place    | Note
--------------------------------------------------------------
     0 | D:1      | M4edhros the Octopode Chaos Knight began the quest for the Orb.
     0 | D:1      | Reached XP level 1. HP: 16/16 MP: 1/1
    70 | D:1      | XOM: potion effect (berserk rage)
    71 | D:1      | Reached XP level 2. HP: 21/21 MP: 2/2
   195 | D:1      | XOM: silly message
   471 | D:1      | XOM: silly message
   519 | D:1      | Reached XP level 3. HP: 26/26 MP: 3/3
   611 | D:1      | XOM: harmless Summ miscast
  1570 | D:2      | Reached XP level 4. HP: 17/31 MP: 4/4
  1978 | D:3      | Reached skill level 5 in Polearms
  1987 | D:3      | XOM: enchant monster (good)
  1994 | D:3      | XOM: summons 4 friendly demons
  2002 | D:3      | Gained mutation: You are partially covered in yellow scales (AC +2). [potion of beneficial mutation]
  2031 | D:3      | Noticed namnharef's ghost (weakling FoMo)
  2229 | D:3      | Killed namnharef's ghost
  2229 | D:3      | Reached XP level 5. HP: 16/36 MP: 5/5
  2428 | D:3      | Found a shadowy altar of Dithmenos.
  2431 | D:3      | XOM: butterfly on damage
  2468 | D:3      | Noticed Grinder
  2527 | D:3      | XOM: god gift: pair of polished boots {god gift}
  2528 | D:3      | Got a pair of polished boots {god gift}
  2533 | D:3      | Identified the +0 pair of boots of the Gusle {MR+ Int+5 Dex-4} (Xom gifted it to you on level 3 of the Dungeon)
  2853 | D:3      | XOM: vitrification
  3002 | D:3      | XOM: vitrification
  3069 | D:3      | Paralysed by Grinder for 5 turns
  3074 | D:3      | XOM: polymorph goblin -> giant newt
  3077 | D:3      | Killed Grinder
  3077 | D:3      | Reached XP level 6. HP: 39/42 MP: 6/6
  3370 | D:4      | Reached XP level 7. HP: 46/46 MP: 7/7
  3388 | D:4      | Found a staircase to the Ecumenical Temple.
  3411 | Temple   | Entered the Ecumenical Temple
  4821 | Temple   | XOM: vitrification
  4896 | Temple   | XOM: god gift: 19 stones
  5119 | Temple   | XOM: cast spell 'Necromutation'
  5361 | Temple   | XOM: divination: detect items
  5989 | Temple   | XOM: 3-stop teleportation journey
  7076 | Temple   | XOM: god gift: meat ration
  7447 | Temple   | XOM: give mutations
  7447 | Temple   | Gained mutation: You are robust (+10% HP). [Xom's grace]
  7447 | Temple   | Gained mutation: Your natural rate of healing is unusually fast. [Xom's grace]
  7447 | Temple   | Gained mutation: One of your tentacles bears a spike. [Xom's grace]
  7447 | Temple   | Gained mutation: You are agile. (Dex +2) [Xom's grace]
  7787 | Temple   | XOM: god gift: thick jewelled staff {god gift}
  8968 | Temple   | XOM: scenery: create altars
  9025 | Temple   | XOM: 5-stop teleportation journey
  9126 | D:4      | XOM: divination: detect creatures
  9357 | D:4      | XOM: cast spell 'Call Canine Familiar'
  9402 | D:4      | Found a deep blue altar of Sif Muna.
  9417 | D:4      | XOM: noise
  9419 | D:4      | XOM: confuse monster(s)
  9635 | D:4      | Found Hirylotu's Antique Armour Emporium.
  9730 | D:5      | Entered Level 5 of the Dungeon
  9875 | D:5      | Reached skill level 1 in Shields
  9875 | D:5      | Reached XP level 8. HP: 57/57 MP: 8/8
 10050 | D:5      | XOM: confuse monster(s)
 10058 | D:5      | XOM: cast spell 'Olgreb's Toxic Radiance'
 10076 | D:5      | XOM: enchant monster (good)
 10250 | D:5      | XOM: cast spell 'Statue Form'
 10411 | D:6      | XOM: smoke on damage
 10661 | D:6      | Reached skill level 5 in Shields
 10685 | D:6      | Found a bloodstained altar of Trog.
 10699 | D:6      | XOM: potion effect (curing)
 10701 | D:6      | Reached XP level 9. HP: 57/61 MP: 9/9
 10741 | D:6      | Reached skill level 10 in Polearms
 10855 | D:6      | XOM: cast spell 'Ice Form'
 10916 | D:6      | Noticed Crazy Yiuf
 10921 | D:6      | Killed Crazy Yiuf
 11011 | D:6      | XOM: silly message
 11012 | D:6      | Found a stormy altar of Qazlal.
 11099 | D:7      | Found a sacrificial altar of Ru.
 11143 | D:7      | XOM: colour smoke trail
 11195 | D:7      | Found a shattered altar of Ashenzari.
 11198 | D:7      | XOM: cast spell 'Statue Form'
 11202 | D:7      | Noticed Prince Ribbit
 11209 | D:7      | XOM: mild Conj miscast
 11213 | D:7      | XOM: confuse monster(s)
 11214 | D:7      | XOM: noise
 11221 | D:7      | XOM: butterfly on damage
 11429 | D:7      | Noticed Menkaure
 11436 | D:7      | Killed Menkaure
 11551 | D:7      | Killed Prince Ribbit
 11592 | D:7      | XOM: confuse monster(s)
 12019 | D:8      | XOM: summons 2 friendly demons
 12141 | D:8      | XOM: 2-stop teleportation journey
 12152 | D:8      | Reached XP level 10. HP: 49/69 MP: 10/10
 12256 | D:8      | Found a basalt altar of Yredelemnul.
 12286 | D:8      | XOM: cast spell 'Call Canine Familiar'
 12398 | D:8      | XOM: divination: detect creatures
 12403 | D:8      | XOM: cast spell 'Summon Ice Beast'
 12405 | D:8      | XOM: cast spell 'Olgreb's Toxic Radiance'
 12408 | D:8      | XOM: summons friendly iron imp
 12526 | D:8      | XOM: polymorph iron imp -> quasit
 12540 | D:8      | XOM: harmless Air miscast
 12879 | D:8      | Reached skill level 10 in Shields
 12933 | D:8      | XOM: noise
 12960 | D:8      | Found a radiant altar of Vehumet.
 13101 | D:8      | Noticed an obsidian statue
 13224 | D:9      | Noticed Conn321's ghost (novice OpWz)
 13336 | D:8      | XOM: mild Hex miscast
 13370 | D:8      | XOM: scenery: 1 doors close
 13496 | D:9      | XOM: give mutation
 13496 | D:9      | Gained mutation: You are dopey. (Int -2) [Xom's mischief]
 13604 | D:9      | Found a glowing golden altar of the Shining One.
 13697 | D:9      | XOM: summons 5 hostile demons
 13777 | D:9      | XOM: draining
 13891 | D:9      | XOM: harmless Fire miscast
 14147 | D:9      | XOM: give mutations
 14147 | D:9      | Gained mutation: You are weak. (Str -2) [Xom's mischief]
 14147 | D:9      | Lost mutation: You are dopey. (Int -2) [Xom's mischief]
 14147 | D:9      | Lost mutation: You are robust (+10% HP). [Xom's mischief]
 14163 | D:9      | XOM: stat loss: -1 Int (13/14)
 14168 | D:9      | XOM: enchant monster (bad)
 14180 | D:9      | XOM: noise
 14195 | D:9      | XOM: enchant monster (bad)
 14198 | D:9      | XOM: enchant monster (good)
 14202 | D:9      | XOM: polymorph troll -> guardian serpent
 14211 | D:9      | Killed Conn321's ghost
 14236 | D:8      | XOM: harmless Pois miscast
 14356 | D:9      | XOM: smoke on damage
 14398 | D:9      | XOM: colour smoke trail
 14470 | D:10     | Entered Level 10 of the Dungeon
 14549 | D:10     | XOM: divination: detect creatures
 14874 | D:10     | XOM: smoke on damage
 14957 | D:10     | Found a staircase to the Lair.
 15074 | D:10     | XOM: divination: detect creatures
 15094 | D:10     | XOM: harmless Summ miscast
 15109 | D:10     | Reached XP level 11. HP: 36/67 MP: 11/11
 15376 | Temple   | XOM: 2-stop teleportation journey
 15543 | D:9      | Killed a guardian serpent
 15565 | D:10     | XOM: medium Air miscast
 15575 | D:10     | XOM: stat loss: -1 Int (13/14)
 15626 | D:10     | XOM: silly message
 15722 | D:10     | XOM: enchant monster (bad)
 15725 | D:10     | XOM: summons 6 friendly demons
 15857 | D:10     | XOM: enchant monster (bad)
 15904 | D:10     | XOM: noise
 16224 | D:11     | XOM: harmless Conj miscast
 16373 | D:11     | Noticed a hill giant
 16402 | D:11     | XOM: chaos upgrade
 16405 | D:11     | Upgraded the game from 0.18-a0-1575-g920359c to 0.18-a0-1577-gf591c28
 16414 | D:11     | XOM: enchant monster (bad)
 16415 | D:11     | XOM: confuse monster(s)
 16447 | D:11     | XOM: noise
 16466 | D:11     | XOM: summons 1 hostile demon
 16494 | D:11     | XOM: noise
 16513 | D:11     | XOM: god gift: 710 gold pieces
 16519 | D:11     | XOM: polymorph iguana -> swamp drake
 16536 | D:11     | XOM: 1-stop teleportation journey
 16623 | D:11     | XOM: summons 3 hostile shadow creatures
 16658 | D:11     | Found Unuhayde's General Store.
 16705 | D:11     | Bought a meat ration for 90 gold pieces
 16705 | D:11     | Bought a scroll of teleportation for 54 gold pieces
 16755 | D:11     | XOM: mild Divn miscast
 16759 | D:11     | XOM: medium Fire miscast
 16780 | D:11     | XOM: mild Air miscast
 16855 | D:11     | XOM: 1-stop teleportation journey
 16859 | D:11     | XOM: harmless Divn miscast
 16939 | D:11     | XOM: colour smoke trail
 17018 | D:11     | XOM: mild Tloc miscast
 17037 | D:11     | a hill giant changed into a water nymph
 17037 | D:11     | XOM: polymorph hill giant -> water nymph
 18124 | Temple   | XOM: 2-stop teleportation journey
 18296 | Temple   | XOM: colour smoke trail
 18351 | Temple   | XOM: give mutations
 18351 | Temple   | Lost mutation: One of your tentacles bears a spike. [Xom's mischief]
 18351 | Temple   | Lost mutation: You are weak. (Str -2) [Xom's mischief]
 18440 | Temple   | XOM: give mutations
 18440 | Temple   | Gained mutation: You occasionally shout uncontrollably at your foes. [Xom's mischief]
 18440 | Temple   | Gained mutation: Scrolls take you a little longer to read. [Xom's mischief]
 18624 | Temple   | XOM: noise
 18643 | Temple   | XOM: 3-stop teleportation journey
 20222 | Temple   | XOM: mild Summ miscast
 21498 | Temple   | XOM: harmless Erth miscast
 21549 | Temple   | XOM: god gift: metal-bound book {god gift}
 21645 | Temple   | XOM: cast spell 'Hydra Form'
 21683 | Temple   | XOM: mild Tloc miscast
 21911 | Temple   | XOM: god gift: sack of spiders
 22213 | Temple   | XOM: silly message
 22269 | Temple   | XOM: colour smoke trail
 22389 | Temple   | XOM is BORED!
 22389 | Temple   | XOM: give mutations
 22389 | Temple   | Lost mutation: You occasionally shout uncontrollably at your foes. [Xom's mischief]
 22389 | Temple   | Gained mutation: Potions and wands are less effective at restoring your health. [Xom's mischief]
 22403 | Temple   | XOM: 4-stop teleportation journey
 22678 | Temple   | XOM: give mutations
 22678 | Temple   | Lost mutation: You are agile. (Dex +2) [Xom's mischief]
 22678 | Temple   | Gained mutation: Scrolls take you longer to read. [Xom's mischief]
 24223 | Temple   | XOM: mild Necr miscast
 24234 | Temple   | XOM: mild Tloc miscast
 24241 | Temple   | XOM: mild Tloc miscast
 24338 | Temple   | XOM: harmless Divn miscast
 24372 | Temple   | XOM: silly message
 25002 | Temple   | XOM: divination: detect creatures
 25302 | Temple   | XOM: harmless Necr miscast
 25467 | Temple   | XOM: divination: detect items
 26612 | Temple   | XOM: cast spell 'Necromutation'
 26779 | Temple   | XOM: cast spell 'Necromutation'
 26853 | Temple   | XOM: give mutations
 26853 | Temple   | Gained mutation: You are dopey. (Int -2) [Xom's mischief]
 26853 | Temple   | Gained mutation: You are weak. (Str -2) [Xom's mischief]
 27065 | Temple   | XOM: colour smoke trail
 27125 | Temple   | XOM: silly message
 27133 | Temple   | XOM: mild Pois miscast
 27137 | Temple   | XOM is BORED!
 27137 | Temple   | XOM: mild Necr miscast
 27535 | Temple   | XOM: cast spell 'Hydra Form'
 27603 | Temple   | XOM: mild Summ miscast
 28408 | Temple   | XOM: god gift: royal jelly
 28941 | Temple   | XOM: 3-stop teleportation journey
 29268 | Temple   | XOM: give mutations
 29268 | Temple   | Gained mutation: You possess an exceptional clarity of mind. [Xom's grace]
 29268 | Temple   | Lost mutation: You are dopey. (Int -2) [Xom's grace]
 29489 | Temple   | XOM: give mutations
 29489 | Temple   | Gained mutation: You can translocate small distances at will. [Xom's grace]
 29489 | Temple   | Gained mutation: Your system is resistant to poisons. [Xom's grace]
 29489 | Temple   | Gained mutation: You are agile. (Dex +2) [Xom's grace]
 29489 | Temple   | Gained mutation: You are partially covered in thin metallic scales (AC +2). [Xom's grace]
 29892 | Temple   | XOM: give mutations
 29892 | Temple   | Lost mutation: Scrolls take you longer to read. [Xom's grace]
 29892 | Temple   | Lost mutation: Scrolls take you a little longer to read. [Xom's grace]
 29892 | Temple   | Gained mutation: You have supernaturally acute eyesight. [Xom's grace]
 29892 | Temple   | Gained mutation: You are partially covered in iridescent scales (AC +4). [Xom's grace]
 29892 | Temple   | Lost mutation: You are weak. (Str -2) [Xom's grace]
 30727 | Temple   | XOM: give mutations
 30727 | Temple   | Lost mutation: You are agile. (Dex +2) [Xom's mischief]
 30727 | Temple   | Lost mutation: Potions and wands are less effective at restoring your health. [Xom's mischief]
 30856 | Temple   | XOM: 1-stop teleportation journey
 31906 | Temple   | XOM: mild Divn miscast
 32091 | Temple   | XOM: medium Erth miscast
 32199 | Temple   | XOM is BORED!
 32199 | Temple   | XOM: give mutation
 32199 | Temple   | Gained mutation: You are somewhat resistant to further mutation. [Xom's mischief]
 32237 | Temple   | XOM: 2-stop teleportation journey
 32273 | Temple   | XOM: vitrification
 32299 | Temple   | XOM: 7-stop teleportation journey
 33059 | Temple   | XOM: harmless Fire miscast
 33220 | Temple   | XOM: god gift: thick runed rod {god gift}
 33222 | Temple   | Identified a +2 rod of clouds (10/10) (Xom gifted it to you in the Ecumenical Temple)
 33789 | Temple   | XOM: colour smoke trail
 33959 | Temple   | XOM: give mutation
 33959 | Temple   | Gained mutation: You are agile. (Dex +2) [Xom's grace]
 34192 | Temple   | XOM: divination: detect items
 34313 | Temple   | XOM: summons 2 hostile demons
 34954 | Temple   | XOM: give mutation
 34954 | Temple   | Gained mutation: You passively map a small area around you. [Xom's grace]
 35025 | Temple   | XOM: 2-stop teleportation journey
 35323 | Temple   | XOM: god gift: 38 gold pieces
 36390 | Temple   | XOM: vitrification
 36571 | Temple   | XOM: divination: detect items
 37171 | Temple   | XOM: god gift: 63 gold pieces
 37214 | Temple   | XOM is BORED!
 37214 | Temple   | XOM: give mutations
 37214 | Temple   | Lost mutation: Your natural rate of healing is unusually fast. [Xom's mischief]
 37214 | Temple   | Lost mutation: You possess an exceptional clarity of mind. [Xom's mischief]
 37314 | Temple   | XOM: 4-stop teleportation journey
 37324 | Temple   | XOM: god gift: 18 stones
 37399 | Temple   | XOM: silly message
 37932 | Temple   | XOM: god gift: scroll labeled ZUSEAXKONAO
 37984 | Temple   | XOM: 2-stop teleportation journey
 37995 | Temple   | XOM: god gift: potion of might
 39074 | Temple   | XOM: give mutations
 39074 | Temple   | Gained mutation: You are very agile. (Dex +4) [Xom's grace]
 39074 | Temple   | Gained mutation: You are robust (+10% HP). [Xom's grace]
 39334 | Temple   | XOM: god gift: 13 stones
 39721 | Temple   | XOM: god gift: glowing lajatang {god gift}
 40130 | Temple   | XOM: give mutation
 40130 | Temple   | Gained mutation: Your muscles are strong. (Str +2) [Xom's grace]
 40286 | Temple   | XOM: give mutations
 40286 | Temple   | Gained mutation: You have a pair of small antennae on your head. [Xom's grace]
 40286 | Temple   | Gained mutation: You have a pair of antennae on your head. [Xom's grace]
 40286 | Temple   | Gained mutation: Your mind is acute. (Int +2) [Xom's grace]
 40299 | Temple   | XOM: cast spell 'Dragon Form'
 40845 | Temple   | XOM: god gift: 53 gold pieces
 40975 | Temple   | XOM is BORED!
 40975 | Temple   | XOM: 4-stop teleportation journey
 41011 | Temple   | Fell from the grace of Xom
 41011 | Temple   | Became a worshipper of Gozag Ym Sagoz the Greedy
 41285 | D:11     | Reached skill level 1 in Evocations
 41298 | D:11     | Found a staircase to the Orcish Mines.
 41578 | D:12     | Noticed a hill giant
 41636 | D:12     | Killed a hill giant
 41669 | D:12     | Reached skill level 5 in Dodging
 41771 | D:10     | XOM: torment (32/72 hp)
 41794 | Lair:1   | Entered Level 1 of the Lair of Beasts
 41865 | Lair:1   | Noticed an eight-headed hydra
 41974 | Lair:1   | Killed an eight-headed hydra
 42030 | Lair:1   | XOM: torment (23/72 hp)
 42130 | Lair:1   | Found a deep blue altar of Sif Muna.
 42319 | Lair:2   | Reached skill level 5 in Evocations
 42691 | Lair:1   | XOM: noise
 42748 | Lair:1   | Noticed Joseph
 42764 | Lair:1   | Killed Joseph
 42764 | Lair:1   | Reached XP level 12. HP: 79/79 MP: 16/16
 42812 | Lair:1   | XOM: mild Air miscast
 42915 | Lair:1   | Noticed an eight-headed hydra
 43418 | Lair:2   | XOM: blink monster(s)
 43444 | Lair:2   | XOM: 3-stop teleportation journey
 43710 | Lair:2   | Noticed a seven-headed hydra
 43743 | Lair:2   | Killed a seven-headed hydra
 44279 | Lair:2   | XOM: summons 3 hostile shadow creatures
 44346 | Lair:2   | XOM: stat loss: -2 Int (14/16)
 44860 | Lair:3   | Bought a +1 trident of protection for 168 gold pieces
 45040 | Lair:3   | Reached skill level 10 in Evocations
 45289 | Lair:3   | Reached XP level 13. HP: 64/84 MP: 20/20
 45301 | Lair:3   | XOM: summons 2 hostile shadow creatures
 45608 | Lair:3   | Noticed Fannar
 45627 | Lair:3   | Killed Fannar
 46236 | Lair:4   | XOM: give mutations
 46236 | Lair:4   | Lost mutation: You are partially covered in yellow scales (AC +2). [Xom's mischief]
 46236 | Lair:4   | Lost mutation: Your muscles are strong. (Str +2) [Xom's mischief]
 46352 | Lair:4   | Noticed Sonja
 46632 | Lair:4   | XOM: medium Hex miscast
 46763 | Lair:4   | Killed Sonja
 46774 | Lair:4   | XOM: noise
 47150 | Lair:5   | XOM: mild Conj miscast
 47353 | Lair:5   | Reached skill level 10 in Dodging
 47415 | Lair:5   | XOM: blink monster(s)
 47728 | Lair:5   | XOM: medium Erth miscast
 47943 | Lair:5   | Found a staircase to the Snake Pit.
 48144 | Lair:5   | Reached skill level 1 in Slings
 48881 | Lair:5   | XOM: mild Hex miscast
 48981 | Lair:6   | XOM: 1-stop teleportation journey
 49215 | Lair:6   | Learned a level 2 spell: Shroud of Golubria
 49216 | Lair:6   | Identified the Compendium of Confrontation and Flames (You found it on level 6 of the Lair of Beasts)
 49343 | Lair:6   | Reached skill level 5 in Slings
 49377 | Lair:6   | Reached XP level 14. HP: 50/91 MP: 23/23
 49826 | Lair:6   | Found a staircase to the Shoals.
 49896 | Lair:6   | XOM: noise
 50964 | Lair:7   | XOM: noise
 51603 | Lair:7   | Reached skill level 10 in Slings
 51724 | Lair:8   | Entered Level 8 of the Lair of Beasts
 51724 | Lair:8   | Found a staircase to the Slime Pits.
 51724 | Lair:8   | Found a viscous altar of Jiyva.
 51918 | Lair:8   | XOM: give mutations
 51918 | Lair:8   | Lost mutation: You can translocate small distances at will. [Xom's mischief]
 51918 | Lair:8   | Lost mutation: You are robust (+10% HP). [Xom's mischief]
 51918 | Lair:8   | Lost mutation: You are very agile. (Dex +4) [Xom's mischief]
 52512 | Lair:8   | XOM: confusion (+ monsters)
 52620 | Lair:7   | Reached XP level 15. HP: 37/88 MP: 24/24
 52962 | Lair:8   | Reached skill level 5 in Fighting
 52995 | Lair:8   | Noticed Maud
 53015 | Lair:8   | Killed Maud
 53156 | Lair:8   | Got a bloodstained quarterstaff
 53329 | Lair:8   | Identified a +4 rod of shadows (11/11) (You found it on level 8 of the Lair of Beasts)
 53485 | Lair:8   | XOM: mild Tloc miscast
 53568 | Lair:7   | XOM: stat loss: -2 Str (10/12)
 54043 | Lair:2   | XOM: medium Tloc miscast
 54043 | Lair:2   | Was forgiven by Xom
 54158 | Orc:1    | Entered Level 1 of the Orcish Mines
 54160 | Orc:1    | Found a roughly hewn altar of Beogh.
 54314 | Orc:2    | Entered Level 2 of the Orcish Mines
 54509 | Orc:1    | Noticed poirepourri's ghost (journeyman GrFi)
 54965 | Orc:2    | Found a roughly hewn altar of Beogh.
 55123 | Orc:2    | Found Qimusauju's Book Emporium.
 55151 | Orc:2    | HP: 7/150 [sixfirhy[an orc sorcerer] (9)]
 55304 | Orc:2    | Found Plog's Gadget Shoppe.
 55743 | Orc:2    | Found a staircase to the Elven Halls.
 56081 | Orc:2    | Found Veelotuu's Assorted Antiques.
 56216 | Orc:2    | Noticed an orc warlord
 56218 | Orc:2    | Found a roughly hewn altar of Beogh.
 56236 | Orc:2    | Killed an orc warlord
 56236 | Orc:2    | Reached skill level 10 in Fighting
 56457 | Orc:2    | Found Tel Dudoa's Jewellery Shoppe.
 56874 | Orc:2    | Bought a +4 ring of evasion for 504 gold pieces
 56877 | Orc:2    | Identified the +7 quarterstaff of Nobryab {crush, rC+ Int+3} (You found it on level 8 of the Lair of Beasts)
 57032 | D:12     | Slain by a very large slime creature

Vault maps used:
D:1:      mushboom_english_gardens, serial_co_window_serial, co_window_corner_a,
          co_window_paths_b, co_window_paths_a, co_window_paths_a,
          co_window_corner_a, co_window_cross_3, co_window_of_opportunity_c,
          co_window_of_opportunity_b, co_window_broadway_b, co_window_sun,
          co_window_paths_d, glass_columns_a, glass_columns_b, glass_columns_a,
          glass_columns_c
D:2:      kennysheep_big_flooded_room, st_stairs_6, minmay_fountain_box
D:3:      lemuel_doored_altar, first_bread, uniq_grinder
D:4:      old_standard_altar, minmay_temple_entry_large_hall, serial_shops,
          kennysheep_mini, st_stairs_6, minivault_26, eino_tiny_chamber
D:6:      trog_ov_bears_minmay, nicolae_qazlal_eye_of_the_storm,
          minmay_misc_feat_cross, uniq_crazy_yiuf_cottage
D:7:      cheibrodos_ashenzari_chains, nicolae_ru_the_path_less_chosen,
          the_bakery, uniq_menkaure, uniq_prince_ribbit1
D:8:      minmay_separated_statues, nicolae_overflow_crystal_walls, basic_altar,
          nrook_loot_triangle
D:9:      tso_altar
D:10:     dpeg_oklobed_lair
D:11:     orc_0_dummy, serial_shops, shop_coins
D:12:     uniq_urug
Temple:   minmay_temple_forest_path_12
Lair:1:   basic_altar, serial_bayou_shore_a, uniq_joseph
Lair:2:   lightli_volcano_entry_magma_tube
Lair:3:   uniq_fannar
Lair:4:   uniq_sonja
Lair:5:   beast_lair_carwin_large_4, minmay_snake_entry_guardpost_medium,
          grunt_forest_large_clearings, lemuel_fruit_fields
Lair:6:   elwin_shoals_entry_rooms
Lair:7:   beast_lair_carwin_large_2
Lair:8:   evilmike_catoblepas_cave, slime_altar_1, uniq_maud
Orc:1:    basic_altar, uniq_maurice
Orc:2:    pubby_orc_utopia

Skill      XL: |  1  2  3  4  5  6  7  8  9 10 11 12 13 14 15 |
---------------+----------------------------------------------+-----
Polearms       | 4 5 7 9 10 11 12 | 12.1
Shields        | 1 6 9 11 12 | 12.2
Dodging        | 6 9 10 | 10.5
Evocations     | 5 10 12 | 12.8
Slings         | 5 12 | 12.2
Fighting       | 10 | 10.8

Action                   |  1- 3 |  4- 6 |  7- 9 | 10-12 | 13-15 || total
-------------------------+-------+-------+-------+-------+-------++-------
Melee: Spear             |    84 |    99 |   352 |  1261 |       ||  1796
       Unarmed           |       |       |     4 |       |       ||     4
       Trident           |       |       |       |   133 |  2665 ||  2798
 Fire: Hunting sling     |       |       |       |       |   154 ||   154
       Blowgun           |       |       |       |       |    10 ||    10
Throw: Javelin           |       |       |       |     3 |       ||     3
Invok: Call Merchant     |       |       |       |     2 |     4 ||     6
       Potion Petition   |       |       |       |     1 |     1 ||     2
 Abil: Blink             |       |       |       |     1 |       ||     1
Evoke: Wand              |       |       |     6 |    12 |     7 ||    25
       Sack of spiders   |       |       |       |     2 |       ||     2
       Rod               |       |       |       |       |    15 ||    15
  Use: Potion            |       |     4 |       |    15 |     9 ||    28
       Scroll            |       |     9 |     6 |    18 |    11 ||    44
 Stab: Sleeping          |     8 |     9 |    13 |    16 |    33 ||    79
       Paralysed         |     2 |       |    17 |    59 |    35 ||   113
       Distracted        |       |     1 |       |     8 |    29 ||    38
       Confused          |       |       |     4 |    10 |     2 ||    16
       Petrifying        |       |       |       |     7 |       ||     7
       Petrified         |       |       |       |     4 |     2 ||     6
  Eat: Chunk             |     1 |     8 |    10 |    20 |       ||    39
       Meat ration       |       |       |     2 |     4 |     2 ||     8
       Bread ration      |       |       |     1 |    10 |     6 ||    17
       Beef jerky        |       |       |     1 |     5 |     5 ||    11
       Fruit             |       |       |       |     7 |     3 ||    10
       Royal jelly       |       |       |       |     3 |     2 ||     5
       Pizza             |       |       |       |     1 |       ||     1
